 Dungeon Crawl Stone Soup version 0.21-a0-258-g4c0eb85 (console) character file.

1379 Mandevil the Quickloader (level 8, -1/58 HPs)
             Began as a Human Hunter on Sept 6, 2017.
             Succumbed to a killer bee's poison
             ... on level 5 of the Dungeon.
             The game lasted 00:15:38 (6802 turns).

Mandevil the Quickloader (Human Hunter)             Turns: 6802, Time: 00:15:39

Health: -1/58      AC:  2    Str: 19 (20) XL:     8   Next: 99%
Magic:  1/8        EV: 11    Int: 15 (16) God:
Gold:   374        SH:  0    Dex: 13 (14) Spells: 7/7 levels left

rFire    . . .     SeeInvis .   a - +2 spear (freeze)
rCold    . . .     Gourm    .   (no shield)
rNeg     . . .     Faith    .   x - +0 ring mail
rPois    .         Spirit   +   (no helmet)
rElec    .         Reflect  .   (no cloak)
rCorr    .         Harm     .   (no gloves)
MR       .....                  (no boots)
Stlth    +.........             n - amulet of guardian spirit
HPRegen  0.19/turn              (no ring)
MPRegen  0.11/turn              (no ring)

@: mighty, brilliant, lethally poisoned (-1 -> -17), berserk cooldown, very
slightly contaminated, slowed, very slow
A: deformed body, wild magic 1
a: no special abilities


You were on level 5 of the Dungeon.
You were not hungry.

You visited 1 branch of the dungeon, and saw 6 of its levels.

You collected 374 gold pieces.

Inventory:

Hand Weapons
 a - a +2 spear of freezing (weapon)
 b - a +1 hand crossbow
Missiles
 d - 64 bolts
Armour
 x - a +0 ring mail (worn)
Jewellery
 c - an uncursed ring of ice
 n - an amulet of guardian spirit (around neck)
 w - an uncursed amulet of rage
Wands
 l - a wand of flame (48/48)
 m - a wand of random effects (20/48)
Scrolls
 e - a scroll of recharging
 u - 2 scrolls of remove curse
Potions
 q - a potion of berserk rage
 r - a potion of lignification
Comestibles
 f - 6 bread rations
 g - a chunk of flesh
 o - a royal jelly


   Skills:
 - Level 3.0 Fighting
 + Level 6.7 Polearms
 + Level 8.2 Crossbows
 - Level 2.0 Dodging
 - Level 2.1 Stealth


You had 7 spell levels left.
You didn't know any spells.

Dungeon Overview and Level Annotations

Branches:
Dungeon (6/15)             Temple (0/1) D:6

Altars:
Dithmenos
Elyvilon
Fedhas
Nemelex Xobeh
Ru
Wu Jian
The Shining One

Annotations:
D:6 KristoblXynda's ghost, novice DrBe


Innate Abilities, Weirdness & Mutations

Armour fits poorly on your strangely shaped body.
Your spells are a little harder to cast, but a little more powerful.


Message History

You feel sick.
You are too berserk!
There is a lethal amount of poison in your body!
You are too berserk!
You are too berserk!
* * * LOW HITPOINT WARNING * * *
You feel sick.
You feel a strong urge to attack something.
* * * LOW HITPOINT WARNING * * *
You feel sick.
* * * LOW HITPOINT WARNING * * *
You feel sick.
You feel your anger subside.
You are no longer berserk.
You are exhausted.
You feel yourself slow down.
* * * LOW HITPOINT WARNING * * *
You feel sick.
It was a potion of might.
You feel very mighty all of a sudden.
You die...

....# >...##
.....# .#..<#
.....## ######
#.....# #.##.#
##....# #<..##
##...## ###...##
##...####.^...p# #
##...##..#..%.# ##
###....###...# .#
##.#...##...# .##
##..##...##..#
..###..####...#..#
......## ###...##
......# ##...#
......# ###.#


There were no monsters in sight!

Vanquished Creatures
  2 ice beasts
  A centaur (D:5)
  An ogre (D:4)
  A bullfrog (D:6)
  3 scorpions
  A killer bee (D:5)
  A howler monkey (D:4)
  A crimson imp (D:5)
  2 hounds
  4 orc wizards
  A bullfrog skeleton (D:4)
  An iguana (D:5)
  Natasha (twice) (D:4)
  6 worker ants
  A killer bee zombie (D:5)
  A howler monkey zombie (D:5)
  17 adders
  An adder skeleton (D:4)
  A worm (D:2)
  2 dart slugs
  3 leopard geckos
  11 orcs
  5 ball pythons
  10 bats
  8 giant cockroaches
  9 goblins
  12 hobgoblins
  3 jackals (D:4)
  5 kobolds
  A quokka (D:5)
  A ball python skeleton (D:4)
  A leopard gecko skeleton (D:4)
  5 rats
124 creatures vanquished.

Notes
Turn   | Place    | Note
-------+----------+-------------------------------------------
     0 | D:1      | Mandevil the Human Hunter began the quest for the Orb.
     0 | D:1      | Reached XP level 1. HP: 16/16 MP: 1/1
   122 | D:1      | Reached XP level 2. HP: 18/23 MP: 2/2
   760 | D:1      | Reached XP level 3. HP: 27/28 MP: 3/3
  1002 | D:2      | Gained mutation: Armour fits poorly on your strangely shaped body. [potion of mutation]
  1002 | D:2      | Gained mutation: Your spells are a little harder to cast, but a little more powerful. [potion of mutation]
  1412 | D:2      | Reached XP level 4. HP: 35/35 MP: 4/4
  1416 | D:2      | Found a white marble altar of Elyvilon.
  1541 | D:2      | Reached skill level 1 in Polearms
  2046 | D:2      | Reached XP level 5. HP: 38/41 MP: 5/5
  2523 | D:3      | Found a glowing golden altar of the Shining One.
  2526 | D:3      | Reached skill level 5 in Crossbows
  2668 | D:3      | Found a blossoming altar of Fedhas.
  3134 | D:3      | Found a shadowy altar of Dithmenos.
  3277 | D:4      | Reached XP level 6. HP: 30/47 MP: 4/6
  3498 | D:4      | Found a sparkling altar of Nemelex Xobeh.
  3554 | D:4      | Noticed Natasha
  3566 | D:4      | Killed Natasha
  3998 | D:4      | Reached skill level 6 in Crossbows
  3998 | D:4      | Reached XP level 7. HP: 44/52 MP: 7/7
  4040 | D:4      | Found an ornate altar of the Wu Jian Council.
  4445 | D:4      | Noticed Natasha
  4451 | D:4      | Killed Natasha
  4655 | D:5      | Entered Level 5 of the Dungeon
  4713 | D:5      | Found a sacrificial altar of Ru.
  4887 | D:5      | Reached skill level 5 in Polearms
  4887 | D:5      | Reached XP level 8. HP: 23/58 MP: 2/8
  4949 | D:5      | Reached skill level 7 in Crossbows
  6480 | D:6      | Reached skill level 8 in Crossbows
  6778 | D:6      | Found a staircase to the Ecumenical Temple.
  6778 | D:6      | Noticed KristoblXynda's ghost (novice DrBe)
  6799 | D:5      | HP: 4/87 [poisoned by a killer bee]
  6802 | D:5      | Succumbed to a killer bee's poison

Vault maps used:
D:1:      dpeg_arrival_fog, minmay_unequal
D:2:      nicolae_overflow_crystal_walls, serial_bayou_pond_e
D:3:      nicolae_dithmenos_through_a_glass_darkly, lemuel_round_altar,
          first_bread, tso_altar
D:4:      kennysheep_mini_moat, old_standard_altar, kennysheep_generic_room_3,
          uniq_natasha
D:5:      nicolae_ru_great_annihilating_truth
D:6:      overflow_temple_1_default, minmay_temple_entry_glass, uniq_grinder,
          uniq_blork_the_orc, uniq_sigmund

Skill      XL: |  1  2  3  4  5  6  7  8 |
---------------+-------------------------+-----
Fighting       | 3 |  3.0
Stealth        | 2 |  2.1
Polearms       | 1 2 3 5 6 |  6.7
Crossbows      | 5 6 8 |  8.2
Dodging        | |  2.0

Action                   |  1- 3 |  4- 6 |  7- 9 || total
-------------------------+-------+-------+-------++-------
Melee: Short sword       |    92 |       |       ||    92
       Spear             |     3 |   183 |   176 ||   362
 Fire: Hand crossbow     |     2 |    12 |    61 ||    75
  Use: Scroll            |     1 |     5 |     2 ||     8
       Potion            |     3 |       |     8 ||    11
 Stab: Sleeping          |     2 |     5 |       ||     7
       Distracted        |       |     1 |       ||     1
       Paralysed         |       |       |     2 ||     2
  Eat: Chunk             |     1 |     9 |     7 ||    17
       Royal jelly       |       |       |     1 ||     1
Armor: Leather armour    |    34 |    11 |       ||    45
       Skin              |     9 |       |       ||     9
       Ring mail         |       |       |     9 ||     9
Dodge: Dodged            |    77 |    68 |    69 ||   214

Table legend:
 A = Spawn XP
 B = Non-spawn XP
 C = Spawn XP percentage of total XP
 D = Spawn monster count
 E = Non-spawn monster count
 F = Spawn count percentage of total count
 G = Total turns spent on level
                    A         B        C        D         E        F      G
               +---------+---------+-------+---------+---------+-------+---------
         Total |       0 |    1971 |   0.0 |       0 |     124 |   0.0 |  6802
               +---------+---------+-------+---------+---------+-------+---------
           D:1 |       0 |      29 |   0.0 |       0 |      17 |   0.0 |   974
           D:2 |       0 |     111 |   0.0 |       0 |      27 |   0.0 |  1132
           D:3 |       0 |      98 |   0.0 |       0 |      21 |   0.0 |  1148
           D:4 |       0 |     601 |   0.0 |       0 |      25 |   0.0 |  1401
           D:5 |       0 |     887 |   0.0 |       0 |      30 |   0.0 |  1822
           D:6 |       0 |     245 |   0.0 |       0 |       4 |   0.0 |   325
               +---------+---------+-------+---------+---------+-------+---------
